Map: Apotheosis LE

Players

BraidedPubes

  • Race: Terran Terran
  • League: Master

Stalker - Winner!

  • Race: Protoss Protoss
  • League: Diamond

VOD

Have the link to the VOD?

Description

Time

  • Played on: Sept. 15, 2016, 11:13 p.m.
  • Length: 6:42
Show
View Real Time Build Order
Export as new Build Order

BraidedPubes Terran 

Build Orders:  

Get SALT Encoding   

  12  0:00  SCV  
  13  0:13  SCV  
  14  0:17  Supply Depot  
  14  0:25  SCV  
  15  0:29  Refinery  
  15  0:39  SCV  
  16  0:45  Barracks  
  16  0:51  SCV  
  17  1:03  Barracks  
  17  1:07  SCV  
  18  1:22  Barracks  
  18  1:32  Reaper  
  19  1:37  Orbital Command  
  19  1:47  Refinery  
  19  1:50  Reaper  
  20  2:02  SCV  
  20  2:04  Reaper  
  22  2:09  Reaper  
  22  2:15  Barracks  
  23  2:22  Supply Depot  
  23  2:25  Barracks Reactor  
  23  2:35  Supply Depot  
  23  2:36  Barracks Reactor  
  25  2:44  Reaper, SCV  
  24  2:59  SCV  
  24  3:01  Reaper  
  24  3:02  Reaper  
  24  3:03  Reaper  
  28  3:08  Supply Depot  
  28  3:11  SCV  
  29  3:14  Reaper  
  30  3:22  Reaper  
  30  3:26  Supply Depot  
  31  3:31  Reaper  
  31  3:50  Reaper  
  31  3:51  Reaper  
  33  4:04  Reaper  
  33  4:10  Reaper  
  33  4:15  Command Center  
  33  4:16  SCV  
  35  4:17  Reaper  
  35  4:32  Reaper  
  35  4:37  Reaper  
  37  4:39  Command Center  
  36  4:46  Reaper  
  36  4:50  SCV  
  36  4:52  Marine x2  
  40  4:54  Reaper  
  41  5:01  Supply Depot  
  40  5:10  Reaper  
  39  5:15  Reaper  
  39  5:18  SCV  
  38  5:30  Reaper  
  38  5:31  Reaper  
  38  5:35  Marine  
  40  5:41  Reaper  
  41  5:43  Orbital Command  
  41  5:51  Reaper  
  42  5:59  Reaper  
  43  6:08  Orbital Command, Reaper  
  41  6:18  Command Center  
Show
View Real Time Build Order
Export as new Build Order

Stalker Protoss - Winner!

Build Orders: 1 Gate Expand 

Get SALT Encoding   

  12  0:01  Probe (Chrono Boost)  
  13  0:11  Probe (Chrono Boost)  
  14  0:17  Pylon  
  14  0:22  Probe (Chrono Boost)  
  16  0:35  Probe (Chrono Boost)  
  16  0:37  Gateway  
  16  0:46  Probe (Chrono Boost)  
  16  0:47  Assimilator  
  17  1:00  Probe (Chrono Boost)  
  18  1:10  Probe (Chrono Boost)  
  19  1:21  Nexus  
  19  1:25  Probe (Chrono Boost)  
  20  1:33  Cybernetics Core  
  20  1:37  Probe (Chrono Boost)  
  21  1:48  Probe (Chrono Boost), Assimilator  
  22  1:59  Pylon  
  22  2:00  Probe (Chrono Boost)  
  23  2:15  Stalker  
  22  2:17  Gateway  
  22  2:21  Warp Gate  
  25  2:25  Mothership Core (Chrono Boost)  
  26  2:35  Probe (Chrono Boost)  
  28  2:45  Probe (Chrono Boost)  
  27  2:51  Stalker  
  30  2:58  Pylon  
  30  2:59  Probe (Chrono Boost)  
  30  3:06  Stalker  
  30  3:09  Probe (Chrono Boost)  
  30  3:11  Probe (Chrono Boost)  
  34  3:17  Stalker  
  36  3:31  Twilight Council  
  36  3:36  Stalker  
  37  3:48  Probe (Chrono Boost), Pylon  
  37  3:53  Probe (Chrono Boost)  
  38  4:01  Blink  
  38  4:16  Pylon  
  38  4:23  Probe (Chrono Boost)  
  37  4:29  Stalker x2  
  39  4:35  Probe (Chrono Boost)  
  41  4:40  Probe (Chrono Boost)  
  41  4:47  Probe (Chrono Boost), Pylon  
  41  4:49  Gateway  
  41  4:52  Probe (Chrono Boost)  
  44  5:00  Gateway  
  44  5:01  Probe (Chrono Boost)  
  44  5:09  Stalker  
  44  5:10  Stalker  
  48  5:18  Probe (Chrono Boost)  
  48  5:19  Probe (Chrono Boost)  
  50  5:30  Probe (Chrono Boost)  
  50  5:35  Probe (Chrono Boost)  
  52  5:37  Gateway  
  52  5:38  Gateway, Stalker x2  
  56  5:45  Robotics Facility  
  56  5:48  Probe (Chrono Boost)  
  57  5:53  Probe (Chrono Boost)  
  57  5:54  Stalker  
  58  6:04  Stalker x2  
  62  6:12  Probe (Chrono Boost)  
  62  6:13  Probe (Chrono Boost)  
  62  6:20  Stalker x2  
Tags
 
Add a new tag
Caveats
  • Supply blocks, unpowered buildings, or Contaminate may cause inaccurate times.
  • Supply counts are checked every 10 seconds.